Map: Lerilak Crest

Players

Spirit - Winner!

  • Race: Terran Terran
  • League: Platinum

capac

  • Race: Terran Terran
  • League: Gold

VOD

Have the link to the VOD?

Description

Time

  • Played on: Dec. 1, 2015, 1:49 p.m.
  • Length: 12:13
Show
View Real Time Build Order
Export as new Build Order

Spirit Terran - Winner!

Build Orders: MMM Bio 

Get SALT Encoding   

  12  0:01  SCV  
  13  0:13  SCV  
  14  0:21  Supply Depot  
  14  0:26  SCV  
  15  0:31  Refinery  
  15  0:42  SCV  
  16  0:47  Barracks  
  16  0:54  SCV  
  17  1:06  SCV  
  18  1:19  SCV  
  19  1:31  SCV  
  20  1:39  Command Center  
  20  1:43  Reaper  
  21  1:52  Supply Depot  
  21  1:57  Orbital Command  
  21  2:12  Factory  
  21  2:23  SCV  
  22  2:37  SCV  
  22  2:40  Barracks Tech Lab  
  23  2:49  SCV  
  24  2:53  Refinery  
  24  2:56  Supply Depot, Orbital Command  
  24  2:58  Factory Reactor  
  24  3:01  SCV  
  25  3:06  Barracks  
  25  3:07  Barracks  
  25  3:13  SCV  
  26  3:23  Supply Depot  
  26  3:25  SCV x2  
  28  3:37  SCV  
  28  3:38  SCV  
  30  3:50  Marine, Stimpack  
  30  4:02  Barracks Reactor  
  32  4:10  Marauder  
  32  4:13  SCV x2  
  34  4:19  Supply Depot  
  34  4:24  Engineering Bay  
  34  4:29  Engineering Bay  
  34  4:34  Marine x2  
  34  4:36  Marauder  
  38  4:42  SCV x2  
  40  4:46  Supply Depot  
  40  4:49  Marine x2  
  40  4:52  Marine x2  
  44  4:55  Widow Mine  
  44  4:56  Starport  
  46  5:05  SCV x2  
  48  5:08  Marauder  
  48  5:10  Supply Depot  
  48  5:13  Terran Infantry Weapons Level 1, Terran Infantry Armor Level 1  
  50  5:17  Marine x4, SCV x2  
  56  5:24  Widow Mine  
  58  5:29  Marauder  
  58  5:33  Supply Depot  
  58  5:34  Marine  
  58  5:35  Marine  
  62  5:38  SCV  
  62  5:39  SCV  
  64  5:43  Marine x2  
  66  5:51  Marauder  
  66  5:52  Widow Mine, Starport Reactor  
  70  6:06  Marine x2  
  70  6:07  Marine x2  
  74  6:12  Marauder  
  76  6:20  Supply Depot  
  76  6:24  Marine x3  
  76  6:25  Barracks, Marine  
  80  6:27  Barracks  
  80  6:30  Barracks  
  80  6:38  Marine  
  70  6:42  Marine x3  
  70  6:44  Supply Depot, Medivac x2  
  77  6:48  SCV x2  
  79  6:55  Refinery  
  79  6:57  Refinery, Marauder  
  79  7:00  SCV x2  
  83  7:06  Supply Depot  
  83  7:12  SCV  
  83  7:14  Medivac x2  
  88  7:16  Armory  
  88  7:25  Barracks Reactor  
  88  7:26  Barracks Tech Lab  
  88  7:35  Barracks Reactor  
  88  7:39  SCV  
  89  7:44  Medivac  
  91  7:56  Marine x4  
  99  7:58  Marauder x2  
  99  7:59  Command Center, Combat Shields  
  99  8:01  Concussive Shells  
  99  8:10  Terran Infantry Armor Level 2  
  99  8:16  Terran Infantry Weapons Level 2  
  99  8:17  Marine x2  
  99  8:18  Marine x6  
  99  8:19  Marine x2  
  109  8:30  Supply Depot  
  109  8:35  Marine x3  
  112  8:43  Marauder x2  
  112  8:44  Marine x2  
  118  8:51  Marine x3  
  118  8:52  Supply Depot  
  118  8:53  Marine x2  
  123  8:58  Missile Turret  
  123  9:02  Marine x3  
  124  9:03  Missile Turret  
  126  9:10  Marine x2  
  126  9:11  Marauder  
  126  9:15  Supply Depot  
  130  9:29  Marauder  
  132  9:32  Marauder  
  132  9:33  Medivac x2  
  132  9:37  Supply Depot  
  138  9:54  Terran Vehicle And Ship Armor Level 1  
  138  9:59  SCV x2  
  141  10:01  Planetary Fortress  
  141  10:03  Medivac x2  
  144  10:11  SCV  
  140  10:22  Marine x4  
  140  10:27  Marine x5  
  140  10:28  Marine  
  118  10:33  Medivac x2  
  106  10:40  Marine x4  
  100  10:45  Marine x3  
  100  10:46  Marauder  
  104  11:02  Marine x4  
  104  11:03  Marauder, Marine x2, Medivac  
  108  11:07  Marauder  
  110  11:20  SCV x3  
  110  11:25  Marauder  
  115  11:29  Marauder  
  115  11:32  SCV x2  
  118  11:38  Marine x3  
  108  11:40  Marine x2  
  108  11:41  Marine  
  108  11:46  Marauder  
  111  11:50  Marauder  
Show
View Real Time Build Order
Export as new Build Order

capac Terran 

Build Orders: Bio Tank 

Get SALT Encoding   

  12  0:00  SCV  
  13  0:13  SCV  
  14  0:18  Supply Depot  
  14  0:25  SCV  
  15  0:39  SCV  
  15  0:41  Barracks  
  16  0:46  Refinery  
  16  0:51  SCV  
  17  1:03  SCV  
  18  1:16  SCV  
  19  1:28  SCV  
  19  1:32  Barracks Reactor  
  20  1:40  Orbital Command  
  20  1:49  Command Center  
  20  2:06  SCV  
  21  2:11  Supply Depot  
  21  2:12  Marine x2  
  22  2:30  SCV  
  22  2:33  Marine x2  
  25  2:40  Factory  
  25  2:42  Refinery  
  25  2:45  SCV  
  26  2:57  SCV  
  27  3:00  Barracks  
  27  3:01  Barracks  
  27  3:09  SCV  
  27  3:10  Orbital Command  
  27  3:11  Marine x2  
  30  3:22  Engineering Bay, SCV  
  31  3:29  Marine  
  31  3:51  Barracks Tech Lab  
  31  3:52  Barracks Reactor  
  31  3:53  Orbital Command  
  31  3:54  Factory Tech Lab  
  31  3:55  Starport  
  31  4:14  Marauder, Marine x2  
  35  4:22  Stimpack  
  35  4:24  Siege Tank  
  38  4:34  Starport  
  38  4:36  Starport Reactor  
  38  4:44  SCV  
  38  4:45  Bunker  
  39  4:50  Marine x2  
  39  4:51  Marine x2  
  39  4:52  Marauder  
  45  5:00  SCV  
  46  5:10  Supply Depot  
  46  5:11  Siege Tank  
  46  5:13  Supply Depot  
  49  5:20  Medivac  
  51  5:23  Medivac  
  51  5:28  SCV  
  54  5:31  SCV  
  54  5:34  Supply Depot  
  55  5:52  Medivac  
  55  5:54  Supply Depot  
  57  6:07  Marine  
  58  6:16  Supply Depot  
  58  6:18  Marine x2, SCV x2  
  60  6:19  Marauder  
  60  6:23  Refinery  
  60  6:25  Refinery  
  64  6:30  SCV x2  
  64  6:31  Liberator  
  52  6:47  Siege Tank  
  52  6:50  Marine x4  
  52  6:51  Marauder  
  52  6:52  SCV x2  
  66  7:01  Bunker  
  66  7:04  Bunker  
  66  7:14  Supply Depot  
  66  7:15  SCV x2  
  68  7:27  SCV x2  
  70  7:31  Siege Tank  
  70  7:35  Medivac x2  
  77  7:39  SCV x2  
  79  7:46  Terran Infantry Weapons Level 1  
  79  7:51  SCV  
  79  7:52  SCV  
  79  7:57  Factory  
  81  8:02  Supply Depot  
  81  8:03  SCV  
  82  8:06  Medivac  
  82  8:07  Medivac  
  82  8:08  Supply Depot, Marine  
  82  8:09  Marine x3  
  82  8:10  Marauder  
  92  8:15  SCV  
  92  8:16  SCV  
  92  8:19  Siege Tank  
  97  8:20  Liberator  
  97  8:31  Supply Depot  
  97  8:40  Marine x4, SCV x2  
  106  8:48  Supply Depot  
  106  8:52  SCV x2  
  108  8:56  Marine  
  108  8:58  Marine x3  
  108  9:00  Combat Shields  
  108  9:02  Siege Tank  
  115  9:06  Factory Tech Lab  
  115  9:14  Liberator  
  115  9:16  Starport  
  115  9:28  Siege Tank  
  121  9:39  Marine x4  
  121  9:40  Marauder  
  127  9:51  SCV x2  
  129  9:57  Marine x3  
  132  10:28  Command Center  
  115  10:31  Marine x5  
  115  10:33  Siege Tank x2  
  100  10:50  Marauder  
  100  10:52  Marine x4  
  100  10:53  Liberator  
  100  10:54  Liberator  
  101  11:05  Siege Tank x2  
  111  11:11  Marauder  
  111  11:19  SCV x2  
Tags
 
Add a new tag
Caveats
  • Supply blocks, unpowered buildings, or Contaminate may cause inaccurate times.
  • Supply counts are checked every 10 seconds.